AoeStats
← Villese

MegaRandom

510123332Analyzed
4v4 RM · 21h ago on Sep 29, 2026· 40m 0s· 8 players
Game mode
Random Map
Map size
Large (8 player)
Population
200
Speed
Normal
Resources
Standard
Victory
Conquest
Starting age
Dark Age
Ending age
Imperial Age
RankedLock teamsTeams togetherTeam positionsShared explorationLock speedFull tech treeHidden civsTurbo modeCheats
Victory
Defeat
🇫🇮 Varangians · Finland
2102
+6
🇫🇮 Saxons · Finland
2029
+8
🇩🇿 Gurjaras · Algeria
1637
+22
🇨🇳 Danes · China
1541
+25
🇹🇼 Saracens · Taiwan
1880
-19
🇹🇼 Saxons · Taiwan
1859
-17
🇹🇼 Persians · Taiwan
1766
-13
🇹🇼 Danes · Taiwan
1737
-12
Villese
0:30 Loom
10:06 Feudal Age
10:45 Fishing Lines
13:48 Castle Age
11:57 Double-Bit Axe
11:56 Horse Collar
14:54 Wheelbarrow
15:28 Bow Saw
16:06 Heavy Plow
16:00 Gillnets
19:13 Heavy Plow
19:41 Caravan
20:04 Town Watch
22:01 Fletching
22:36 Hand Cart
22:13 Gold Mining
22:14 Stone Mining
26:41 Imperial Age
24:33 Bodkin Arrow
25:26 Ballistics
26:27 Heated Shot
27:22 Careening
27:23 Clinker Construction
27:25 Bracer
26:51 Elite Longship
29:14 Chemistry
29:33 Two-Man Saw
29:59 Shipwright
31:33 Carvel Hull
31:34 Dry Dock
32:12 Town Patrol
32:43 Siphons
33:02 Siege Engineers
33:09 Masonry
33:19 Guilds
33:39 Coinage
35:32 Architecture
34:42 Treadmill Crane
35:17 Incendiaries
35:05 Murder Holes
35:21 Medium Warships
35:02 Guard Tower
35:23 Fortified Wall
36:32 Heavy Warships
37:24 Conscription
hl.exe
0:30 Loom
7:44 Feudal Age
8:54 Double-Bit Axe
12:13 Horse Collar
15:35 Wheelbarrow
15:53 Scale Barding Armor
16:26 Fletching
17:23 Forging
17:44 Gold Mining
18:09 Town Watch
22:58 Castle Age
26:48 Bow Saw
32:47 Imperial Age
33:14 Husbandry
36:05 Bloodlines
39:11 Fishing Lines
40:57 Conscription
Snow_Boss
0:34 Loom
8:28 Feudal Age
8:28 Man-at-Arms
8:57 Double-Bit Axe
9:55 Horse Collar
10:14 Arson
17:19 Castle Age
16:38 Gold Mining
16:53 Scale Mail Armor
17:03 Forging
18:56 Chain Mail Armor
19:38 Squires
27:03 Wheelbarrow
28:53 Hand Cart
33:25 Town Watch
34:16 Bow Saw
36:54 Imperial Age
35:44 Iron Casting
35:36 Caravan
35:57 Clinker Construction
37:47 Gambesons
37:48 Elite Varangian Guard
39:39 Blast Furnace
40:10 Plate Mail Armor
TheMax
0:28 Loom
8:44 Feudal Age
9:13 Double-Bit Axe
8:49 Man-at-Arms
10:12 Arson
10:25 Fishing Lines
10:52 Horse Collar
13:46 Wheelbarrow
16:50 Castle Age
15:00 Scale Mail Armor
15:41 Forging
17:52 Bow Saw
19:01 Town Watch
20:13 Gillnets
21:09 Careening
21:49 Fletching
22:20 Hand Cart
24:52 Ballistics
25:50 Caravan
31:50 Imperial Age
30:52 Treadmill Crane
31:23 Masonry
31:28 Squires
31:14 Gambesons
31:45 Chain Mail Armor
31:43 Forging
31:57 Elite Varangian Guard
33:09 Plate Mail Armor
33:02 Conscription
32:03 Shield Wall
32:58 Heavy Plow
34:38 Iron Casting
36:28 Bodkin Arrow
37:37 Chemistry
39:10 Bracer
39:33 Shipwright
39:44 Architecture
39:02 Arrowslits
40:39 Hoardings
40:19 Murder Holes
40:12 Arrowslits
Albis
0:35 Loom
10:51 Feudal Age
15:17 Castle Age
13:41 Double-Bit Axe
13:37 Horse Collar
17:38 Bow Saw
18:38 Scale Barding Armor
19:19 Heavy Plow
21:02 Wheelbarrow
21:22 Bloodlines
22:12 Husbandry
24:49 Gold Mining
26:27 Fishing Lines
27:52 Stone Mining
28:22 Town Watch
32:15 Imperial Age
30:44 Squires
30:48 Scale Mail Armor
31:18 Hand Cart
32:23 Chain Mail Armor
32:43 Arson
33:22 Elite Varangian Guard
34:17 Fishing Lines
34:10 Hamask
35:10 Conscription
35:27 Gambesons
36:54 Plate Mail Armor
36:39 Forging
DYS.K
0:33 Loom
10:37 Feudal Age
19:02 Castle Age
16:49 Double-Bit Axe
19:59 Bow Saw
20:34 Horse Collar
21:09 Fletching
23:32 Bodkin Arrow
24:00 Ballistics
26:02 Padded Archer Armor
29:36 Heated Shot
32:30 Imperial Age
30:48 Stone Mining
30:52 Town Watch
31:39 Gold Mining
33:07 Wheelbarrow
33:00 Medium Warships
34:32 Chemistry
34:06 Heavy Warships
34:22 Heated Shot
34:28 Demolition Ship
35:41 Heavy Demolition Ship
39:15 Clinker Construction
kw
0:28 Loom
10:34 Feudal Age
14:19 Castle Age
12:50 Double-Bit Axe
14:03 Horse Collar
14:14 Fletching
15:17 Bow Saw
16:44 Heavy Plow
18:57 Town Watch
19:50 Wheelbarrow
19:51 Medium Warships
20:43 Bodkin Arrow
28:37 Imperial Age
26:52 Ballistics
26:46 Clinker Construction
28:11 Careening
28:49 Gold Mining
29:47 Heavy Warships
31:10 Chemistry
31:23 Dry Dock
32:57 Caravan
33:55 Bracer
LeeChia
0:30 Loom
10:26 Feudal Age
18:16 Castle Age
16:44 Fletching
19:14 Bodkin Arrow
20:09 Double-Bit Axe
22:06 Bow Saw
21:37 Horse Collar
22:08 Fishing Lines
24:44 Wheelbarrow
25:35 Ballistics
30:55 Imperial Age
30:21 Stone Mining
30:22 Gold Mining
31:39 Careening
31:44 Bracer
33:16 Hand Cart
34:33 Chemistry
35:26 Elite Longship
36:33 Scale Mail Armor
37:55 Fortified Wall
Connection lost

Rejoining the realm…

Still unreachable

The connection could not be restored.

Session expired

The server has moved on; the page needs a fresh start.